 Dungeon Crawl Stone Soup version 0.29-a0-490-g77b3608bb8 (webtiles) character file.

Game seed: 17364320746085718237

6940 croobank the Covert (level 11, -4/87 HPs)
             Began as a Gnoll Delver on May 27, 2022.
             Was an Initiate of Gozag.
             Slain by a two-headed ogre
             ... wielding a +0 giant spiked club
              (14 damage)
             ... on level 9 of the Dungeon.
             The game lasted 00:48:29 (11637 turns).

croobank the Covert (Gnoll Delver)                 Turns: 11637, Time: 00:48:42

Health: -4/87      AC: 10    Str: 11    XL:     11   Next: 7%
Magic:  10/19      EV: 14    Int: 21    God:    Gozag
Gold:   1551       SH:  8    Dex: 15    Spells: 5/21 levels left

rFire   . . .      SeeInvis .   o - +0 war axe
rCold   + . .      Faith    .   h - +3 warlock's mirror {reflect}
rNeg    + + +      Spirit   .   O - +4 leather armour of New Discoveries {Int+2 Slay+2}
rPois   .          Reflect  +   (no helmet)
rElec   .          Harm     .   z - +0 cloak
rCorr   .          Rampage  .   (no gloves)
Will    +....                   p - +0 pair of boots
Stlth   +++++.....              y - amulet of regeneration
HPRegen 1.04/turn               r - ring "Mytaazaq" {rC+ rN+++ Will+ Int+5 Dex-5}
MPRegen 0.16/turn               v - +6 ring of dexterity

@: freezing walls
A: fangs 1, strong nose, distributed training
a: Renounce Religion, Potion Petition, Call Merchant, Bribe Branch


You were on level 9 of the Dungeon.
You worshipped Gozag.
Gozag was most pleased with you.
You visited 2 branches of the dungeon, and saw 11 of its levels.

You collected 1612 gold pieces.
You paid 61 gold pieces to Gozag.

Inventory:

Hand Weapons
 o - a +0 war axe (weapon)
 D - a +2 whip of venom
 P - a +5 spear
 V - a +4 short sword
 W - a +0 battleaxe
 Y - a +4 long sword
 Z - a +3 dagger of chaos
Missiles
 d - 204 stones (quivered)
 k - 5 boomerangs of dispersal
 Q - a throwing net
Armour
 h - the +3 warlock's mirror (worn) {reflect}
   (You acquired it on level 8 of the Dungeon)

   It can block and reflect piercing ranged attacks and magical attacks against
   the wielder's willpower.
 i - the +0 leather armour of Least Resistance {Dex+2}
   (You found it on level 4 of the Dungeon)

   Dex:       It affects your dexterity (+2).
 p - a +0 pair of boots (worn)
 z - a +0 cloak (worn)
 O - the +4 leather armour of New Discoveries (worn) {Int+2 Slay+2}
   (You found it on level 7 of the Dungeon)

   Int:       It affects your intelligence (+2).
   Slay:      It affects your accuracy & damage with ranged weapons and melee
   (+2).
 X - a +2 scale mail of fire resistance
Jewellery
 e - a +4 ring of protection
 f - a ring of fire
 q - a ring of ice
 r - the ring "Mytaazaq" (left hand) {rC+ rN+++ Will+ Int+5 Dex-5}
   (You acquired it on level 8 of the Dungeon)

   [ring of willpower]

   Int:       It affects your intelligence (+5).
   Dex:       It affects your dexterity (-5).
   rC:        It protects you from cold.
   rN:        It renders you almost immune to negative energy.
   Will:      It increases your willpower.
 v - a +6 ring of dexterity (right hand)
 y - an amulet of regeneration (around neck)
 H - a ring of see invisible
Wands
 g - a wand of digging (7)
 N - a wand of acid (10)
 U - a wand of iceblast (7)
Scrolls
 a - a scroll of immolation {unknown}
 c - 3 scrolls of fog
 j - a scroll of noise
 n - 5 scrolls of teleportation
 u - a scroll of torment
 x - 2 scrolls of identify
 C - a scroll of magic mapping
 F - 2 scrolls of blinking
 G - a scroll of summoning {unknown}
 J - a scroll of enchant armour {unknown}
 K - a scroll of silence {unknown}
 L - a scroll of enchant weapon {unknown}
 M - a scroll of poison
 R - a scroll of amnesia {unknown}
Potions
 b - a potion of brilliance
 l - a potion of invisibility
 m - 4 potions of curing
 s - a potion of degeneration
 t - a potion of cancellation
 w - 2 potions of lignification
 A - a potion of haste
 B - 2 potions of heal wounds
 E - 2 potions of berserk rage
 I - 3 potions of mutation
 S - 2 potions of flight
 T - a potion of magic


   Skills:
 + Level 8.9 Fighting
 + Level 5.9 Short Blades
 + Level 5.9 Long Blades
 + Level 7.6 Axes
 + Level 5.9 Maces & Flails
 + Level 5.9 Polearms
 + Level 5.9 Staves
 + Level 5.9 Slings
 + Level 5.9 Bows
 + Level 5.9 Crossbows
 + Level 5.9 Throwing
 + Level 5.9 Armour
 + Level 7.6 Dodging
 + Level 11.2 Stealth
 + Level 5.9 Shields
 + Level 5.9 Unarmed Combat
 + Level 5.9 Spellcasting
 + Level 4.9 Conjurations
 + Level 4.9 Hexes
 + Level 4.9 Summonings
 + Level 4.9 Necromancy
 + Level 4.9 Translocations
 + Level 4.9 Transmutations
 + Level 4.9 Fire Magic
 + Level 4.9 Ice Magic
 + Level 4.9 Air Magic
 + Level 4.9 Earth Magic
 + Level 4.9 Poison Magic
 + Level 6.5 Invocations
 + Level 5.9 Evocations


You had 5 spell levels left.
You knew the following spells:

 Your Spells              Type           Power      Damage    Failure   Level
a - Tukima's Dance        Hex            26%        N/A       6%          3
b - Sandblast             Erth           52%        2d12      1%          1
c - Stone Arrow           Conj/Erth      52%        3d10      6%          3
d - Frozen Ramparts       Ice            52%        1d7       6%          3
e - Scorch                Fire           52%        2d7       3%          2
f - Flame Wave            Conj/Fire      26%        2d7       21%         4

Your spell library contained the following spells:

 Spells                   Type           Power      Damage    Failure   Level
 Freeze                   Ice            100%       1d11      1%          1
 Passwall                 Tmut/Erth      21%        N/A       3%          2
 Sublimation of Blood     Necr           26%        N/A       3%          2
 Hailstorm                Conj/Ice       26%        3d7       21%         4
 Passage of Golubria      Tloc           26%        N/A       21%         4
 Petrify                  Tmut/Erth      26%        N/A       21%         4
 Irradiate                Conj/Tmut      13%        3d17      50%         5
 Silence                  Hex/Air        13%        N/A       50%         5
 Yara's Violent Unravell  Hex/Tmut       13%        3d7       50%         5
 Summon Cactus Giant      Summ           13%        N/A       97%         6
 Lehudib's Crystal Spear  Conj/Erth      13%        10d4      100%        8


Dungeon Overview and Level Annotations

Branches:
Dungeon (10/15)            Temple (1/1) D:4            Lair (0/6) D:8
    Orc (0/2) D:10

Altars:
Ashenzari
Cheibriados
Dithmenos
Elyvilon
Fedhas
Gozag
Hepliaklqana
Kikubaaqudgha
Makhleb
Nemelex Xobeh
Okawaru
Qazlal
Ru
Sif Muna
Trog
Uskayaw
Vehumet
Wu Jian
Xom
Yredelemnul
Zin
The Shining One

Shops:
D:1 !

Annotations:
D:3 1 runed translucent door
D:4 1 runed translucent door, 2 transporters, royokou's ghost, amateur TrFi


Innate Abilities, Weirdness & Mutations

You have very sharp teeth.
Your uncanny sense of smell can sniff out nearby items.
Your experience applies equally to all skills.


Message History

The frozen ramparts melt away.
HP restored.
Magic restored.
You now have 1536 gold pieces (gained 113).
You now have 1551 gold pieces (gained 15).
You see here a +0 shortbow.
S - 2 potions of flight (gained 1)
You pick up a book of Alchemy and begin reading...
You add the spells Sublimation of Blood, Petrify and Irradiate to your library.
x - 2 scrolls of identify (gained 1)
There is an escape hatch in the ceiling here.
Casting: Frozen Ramparts (dangerous; 6% risk of failure)
Confirm with . or Enter, or press ? or * to list all spells.
Aiming: Tukima's Dance (dangerous; 6% risk of failure)
Press: ? - help, Shift-Dir - straight line, f - two-headed ogre
Aim: a two-headed ogre, wielding two +0 giant spiked clubs (wandering, hasn't noticed you, chance to affect: 39%)
The two-headed ogre shouts in stereo!
The +0 giant spiked club dances into the air!
Casting: Tukima's Dance (dangerous; 6% risk of failure)
Confirm with . or Enter, or press ? or * to list all spells.
Aiming: Tukima's Dance (dangerous; 6% risk of failure)
Press: ? - help, Shift-Dir - straight line, f/p - two-headed ogre
Aim: a two-headed ogre, wielding a +0 giant spiked club (ally target, chance to affect: 39%)
The two-headed ogre resists with some effort.
Casting: Tukima's Dance (dangerous; 6% risk of failure)
Confirm with . or Enter, or press ? or * to list all spells.
Casting: Frozen Ramparts (dangerous; 6% risk of failure)
Press: ? - help, Dir - look around, f - activate The walls around you are covered in ice.
The wall freezes the two-headed ogre.
The two-headed ogre wields a +0 giant spiked club.
The two-headed ogre hits you with a +0 giant spiked club!! x2
You hit the two-headed ogre.
The two-headed ogre is lightly wounded.
The wall freezes the two-headed ogre!
The two-headed ogre hits you with a +0 giant spiked club!!
* * * LOW HITPOINT WARNING * * *
The two-headed ogre hits you with a +0 giant spiked club!
You die...
Your body crumbles into a pile of gold.

#.## #.#
#.#########
#.##......#
#.##......#
#.##......#
#.##......###
#........(O.#
####......#@#
#......#.#
#......#.#
########.# #.# #.#
#.#
################.#
..............<..#


You could see a two-headed ogre (ally target) and a friendly +0 giant spiked
club.

Vanquished Creatures
  Joseph (D:8)
  2 hornets (D:7)
  A wyvern (D:7)
  9 yaks (D:9)
  2 steam dragons
  3 water moccasins
  A sky beast (D:7)
  2 orc warriors (D:8)
  2 ice beasts
  2 black bears (D:8)
  3 centaurs
  2 ogres (D:5)
  3 kobold brigands
  A necrophage (D:7)
  4 bullfrogs
  A gnoll sergeant (D:7)
  7 scorpions
  7 wights
  Dowan (D:6)
  3 jellies
  4 howler monkeys
  4 orc priests (D:8)
  Jessica (D:2)
  10 orc wizards
  5 iguanas
  11 gnolls
  17 adders
  2 shadow imps
  2 ufetubi
  A worm (D:2)
  A dart slug (D:1)
  33 orcs
  2 bats (D:1)
  9 endoplasms
  2 giant cockroaches
  11 goblins
  16 hobgoblins
  6 jackals
  23 kobolds
  3 quokkas
  5 ball pythons
  6 frilled lizards
  10 rats
241 creatures vanquished.

Vanquished Creatures (collateral kills)
  Psyche (D:8)
  Duvessa (D:6)
  4 wights
  An orc (D:8)
7 creatures vanquished.

Vanquished Creatures (others)
  7 dancing weapons
  11 fungi
  13 plants (D:8)
31 creatures vanquished.

Grand Total: 279 creatures vanquished

Notes
Turn   | Place    | Note
-------+----------+-------------------------------------------
     0 | D:5      | Reached skill level 9 in Stealth
     0 | D:5      | croobank the Gnoll Delver began the quest for the Orb.
     0 | D:5      | Reached XP level 1. HP: 23/23 MP: 1/1
    32 | D:4      | Noticed a scorpion
    38 | D:4      | Identified the +0 leather armour of Least Resistance
                  | {Dex+2}
    66 | D:4      | Found a staircase to the Ecumenical Temple.
   317 | D:2      | Noticed Jessica
   323 | D:2      | Killed Jessica
   324 | D:2      | Reached XP level 2. HP: 23/29 MP: 2/2
   324 | D:2      | Reached XP level 3. HP: 28/35 MP: 3/3
   514 | D:2      | Reached skill level 1 in Invocations
   560 | D:1      | HP: 1/35 [poisoned by an adder]
   929 | D:1      | Reached skill level 1 in Short Blades
   929 | D:1      | Reached skill level 1 in Long Blades
   929 | D:1      | Reached skill level 1 in Maces & Flails
   929 | D:1      | Reached skill level 1 in Polearms
   929 | D:1      | Reached skill level 1 in Staves
   929 | D:1      | Reached skill level 1 in Slings
   929 | D:1      | Reached skill level 1 in Bows
   929 | D:1      | Reached skill level 1 in Crossbows
   929 | D:1      | Reached skill level 1 in Throwing
   929 | D:1      | Reached skill level 1 in Armour
   929 | D:1      | Reached skill level 1 in Shields
   929 | D:1      | Reached skill level 1 in Unarmed Combat
   929 | D:1      | Reached skill level 1 in Spellcasting
   929 | D:1      | Reached skill level 1 in Evocations
   990 | D:1      | Found a faded altar of an unknown god.
  1166 | D:1      | Found Xizy's Distillery.
  1186 | D:1      | Reached XP level 4. HP: 41/41 MP: 5/5
  1694 | D:2      | Reached skill level 1 in Conjurations
  1694 | D:2      | Reached skill level 1 in Hexes
  1694 | D:2      | Reached skill level 1 in Summonings
  1694 | D:2      | Reached skill level 1 in Necromancy
  1694 | D:2      | Reached skill level 1 in Translocations
  1694 | D:2      | Reached skill level 1 in Transmutations
  1694 | D:2      | Reached skill level 1 in Fire Magic
  1694 | D:2      | Reached skill level 1 in Ice Magic
  1694 | D:2      | Reached skill level 1 in Air Magic
  1694 | D:2      | Reached skill level 1 in Earth Magic
  1694 | D:2      | Reached skill level 1 in Poison Magic
  2380 | D:2      | Reached XP level 5. HP: 43/47 MP: 6/6
  3015 | D:3      | Found a shimmering blue altar of Sif Muna.
  3023 | D:3      | Found an ancient bone altar of Kikubaaqudgha.
  3448 | D:3      | Reached XP level 6. HP: 52/53 MP: 8/8
  3593 | D:3      | Found a runed translucent door.
  3665 | D:4      | Reached skill level 5 in Axes
  3665 | D:4      | Reached skill level 5 in Dodging
  3748 | Temple   | Entered the Ecumenical Temple
  3918 | Temple   | Became a worshipper of Gozag Ym Sagoz the Greedy
  4062 | D:4      | Found a runed translucent door.
  4073 | D:4      | Noticed royokou's ghost (amateur TrFi)
  4103 | D:4      | Found a transporter.
  4218 | D:4      | Learned a level 3 spell: Tukima's Dance
  4360 | D:4      | Found a transporter.
  4536 | D:5      | Reached XP level 7. HP: 47/59 MP: 10/10
  5085 | D:5      | Reached skill level 10 in Stealth
  5107 | D:5      | Reached XP level 8. HP: 42/67 MP: 12/12
  5111 | D:5      | Found an ornate altar of the Wu Jian Council.
  5111 | D:5      | Found an iron altar of Okawaru.
  5329 | D:5      | Found a sparkling altar of Nemelex Xobeh.
  5331 | D:5      | Found a white marble altar of Elyvilon.
  5337 | D:5      | Learned a level 1 spell: Sandblast
  5341 | D:5      | Learned a level 3 spell: Stone Arrow
  5409 | D:5      | Found a glowing silver altar of Zin.
  5415 | D:5      | Found a hazy altar of Hepliaklqana.
  5416 | D:5      | Found a shimmering altar of Xom.
  5994 | D:6      | Learned a level 3 spell: Frozen Ramparts
  5997 | D:6      | Learned a level 2 spell: Scorch
  6124 | D:6      | Noticed Dowan
  6125 | D:6      | Noticed Duvessa
  6222 | D:6      | Killed Duvessa
  6246 | D:6      | HP: 2/67 [Dowan/stone arrow (10)]
  6248 | D:6      | Killed Dowan
  6590 | D:6      | Reached XP level 9. HP: 61/73 MP: 14/14
  7457 | D:7      | Noticed a hornet
  7462 | D:7      | Killed a hornet
  7538 | D:7      | Noticed a five-headed hydra
  7621 | D:7      | Identified the +4 leather armour of New Discoveries {Int+2
                  | Slay+2}
  7677 | D:7      | Noticed a hornet
  8254 | D:7      | Paralysed by a hornet for 2 turns
  8265 | D:7      | Killed a hornet
  8266 | D:7      | Reached skill level 5 in Invocations
  8660 | D:7      | You fall into a shaft and drop 3 floors!
  8660 | D:10     | Entered Level 10 of the Dungeon
  8815 | D:9      | Reached XP level 10. HP: 66/80 MP: 4/17
  9449 | D:8      | Noticed Psyche
  9461 | D:8      | Killed Psyche
  9462 | D:8      | Reached skill level 5 in Short Blades
  9462 | D:8      | Reached skill level 5 in Long Blades
  9462 | D:8      | Reached skill level 5 in Maces & Flails
  9462 | D:8      | Reached skill level 5 in Polearms
  9462 | D:8      | Reached skill level 5 in Staves
  9462 | D:8      | Reached skill level 5 in Slings
  9462 | D:8      | Reached skill level 5 in Bows
  9462 | D:8      | Reached skill level 5 in Crossbows
  9462 | D:8      | Reached skill level 5 in Throwing
  9462 | D:8      | Reached skill level 5 in Armour
  9462 | D:8      | Reached skill level 5 in Shields
  9462 | D:8      | Reached skill level 5 in Unarmed Combat
  9462 | D:8      | Reached skill level 5 in Spellcasting
  9462 | D:8      | Reached skill level 5 in Evocations
  9511 | D:8      | Noticed Joseph
  9526 | D:8      | Killed Joseph
  9951 | D:8      | Reached skill level 11 in Stealth
 10049 | D:8      | Found a staircase to the Lair.
 10127 | D:8      | Learned a level 4 spell: Flame Wave
 10550 | D:8      | Identified 2 scrolls of acquirement
 10551 | D:8      | Acquired the +3 warlock's mirror {reflect}
 10551 | D:8      | Found the +3 warlock's mirror {reflect}
 10565 | D:8      | Acquired the ring "Mytaazaq" {rC+ rN+++ Will+ Int+5 Dex-5}
 11346 | D:9      | Noticed a two-headed ogre
 11497 | D:9      | Reached XP level 11. HP: 87/87 MP: 12/19
 11637 | D:9      | Slain by a two-headed ogre

Illustrated notes

Levels and vault maps discovered:
D:1:      psy_arrival_terrarium, layout_rooms, serial_shops, shop,
          nicolae_ecumenical_lake_church
D:2:      layout_loops_cross, corexii_leaking_fountain, uniq_jessica
D:3:      cheibrodos_greedy_goblins, layout_loops_ring, minitemple,
          uniq_crazy_yiuf_cottage
D:4:      gammafunk_cloud_chamber, layout_cave_pools, temple_green,
          ebering_ghost_sewer_d
D:5:      layout_rooms, nicolae_overflow_hallway_of_the_gods,
          columned_hall_lemuel, minivault_1, minmay_joined_circles
D:6:      layout_cave_pools, minmay_fractal_squares_gapless_5, uniq_duvessa
D:7:      layout_basic, grunt_decor_mini_mirrors, lightli_corner_chamber
D:8:      layout_basic, grunt_lair_entry_orc_guard_hut,
          minmay_misc_feat_four_crosses, uniq_psyche, uniq_joseph
D:9:      layout_basic, uniq_erica
D:10:     minmay_roctagon, layout_loops_corners, david_orc_3, fungi_pond_lemuel,
          kennysheep_generic_room_8
Temple:   nicolae_temple_figure_eight

Skill      XL: |  1  2  3  4  5  6  7  8  9 10 |
---------------+-------------------------------+-----
Stealth        | 10 11 | 11.2
Invocations    | 1 2 3 4 5 6 |  6.5
Short Blades   | 1 2 3 4 5 |  5.9
Long Blades    | 1 2 3 4 5 |  5.9
Maces & Flails | 1 2 3 4 5 |  5.9
Polearms       | 1 2 3 4 5 |  5.9
Staves         | 1 2 3 4 5 |  5.9
Slings         | 1 2 3 4 5 |  5.9
Bows           | 1 2 3 4 5 |  5.9
Crossbows      | 1 2 3 4 5 |  5.9
Throwing       | 1 2 3 4 5 |  5.9
Armour         | 1 2 3 4 5 |  5.9
Shields        | 1 2 3 4 5 |  5.9
Unarmed Combat | 1 2 3 4 5 |  5.9
Spellcasting   | 1 2 3 4 5 |  5.9
Evocations     | 1 2 3 4 5 |  5.9
Conjurations   | 1 2 3 4 |  4.9
Hexes          | 1 2 3 4 |  4.9
Summonings     | 1 2 3 4 |  4.9
Necromancy     | 1 2 3 4 |  4.9
Translocations | 1 2 3 4 |  4.9
Transmutations | 1 2 3 4 |  4.9
Fire Magic     | 1 2 3 4 |  4.9
Ice Magic      | 1 2 3 4 |  4.9
Air Magic      | 1 2 3 4 |  4.9
Earth Magic    | 1 2 3 4 |  4.9
Poison Magic   | 1 2 3 4 |  4.9
Axes           | 5 6 7 |  7.6
Dodging        | 5 6 7 |  7.6
Fighting       | 7 8 |  8.9

Action                   |  1- 3 |  4- 6 |  7- 9 | 10-12 || total
-------------------------+-------+-------+-------+-------++-------
Melee: Hand axe          |    79 |    92 |       |       ||   171
       Bite              |     2 |    23 |    45 |    23 ||    93
       Punch             |     1 |     6 |    11 |     1 ||    19
       War axe           |       |   146 |   327 |   178 ||   651
Throw: Throwing net      |       |       |     2 |       ||     2
 Cast: Sandblast         |       |       |    20 |     3 ||    23
       Stone Arrow       |       |       |    14 |     2 ||    16
       Scorch            |       |       |    20 |    12 ||    32
       Tukima's Dance    |       |       |    18 |    32 ||    50
       Frozen Ramparts   |       |       |     3 |    13 ||    16
  Use: Scroll            |     2 |     8 |     3 |     8 ||    21
       Potion            |     4 |       |     4 |     4 ||    12
 Stab: Sleeping          |     3 |    22 |     2 |     2 ||    29
       Distracted        |       |     1 |     1 |     3 ||     5
Armor: Ring mail         |    25 |       |       |       ||    25
       Leather armour    |     2 |    61 |   162 |    58 ||   283
Dodge: Dodged            |    39 |   138 |   370 |   108 ||   655
Block: Buckler           |       |       |       |    60 ||    60
       Reflection        |       |       |       |     2 ||     2

Table legend: (Time is in decaauts)
 A = Elapsed time spent in this place.
 B = Non-inter-level travel time spent in this place.
 C = Inter-level travel time spent in this place.
 D = Time resting spent in this place.
 E = Time spent auto-exploring this place.
 F = Levels seen in this place.
 G = Mean time per level.
                   A        B        C        D        E       F      G
               +--------+--------+--------+--------+--------+-----+--------+
         Total |  11748 |  11504 |    244 |   2311 |   6238 |  11 | 1068.0 |
       Dungeon |  11517 |  11284 |    233 |   2311 |   6030 |  10 | 1151.7 |
        Temple |    230 |    219 |     11 |      0 |    208 |   1 |  230.0 |
               +--------+--------+--------+--------+--------+-----+--------+

Top non-repeatable levels by time:
     D:7: 1960 daAuts
     D:8: 1584 daAuts
     D:5: 1514 daAuts
     D:2: 1354 daAuts
     D:6: 1139 daAuts
     D:3: 1107 daAuts
     D:1: 1078 daAuts
     D:9: 942 daAuts
     D:4: 805 daAuts
  Temple: 230 daAuts
    D:10: 30 daAuts
